 Dungeon Crawl Stone Soup version 0.23.1 (console) character file.

Game seed: 7424452809627065967

2956 fly the Transmogrifier (level 9, 0/69 HPs)
             Began as a Demigod Transmuter on Mar 15, 2019.
             Succumbed to a hornet's poison
             ... on level 8 of the Dungeon.
             The game lasted 00:16:42 (9554 turns).

fly the Transmogrifier (Demigod Transmuter)         Turns: 9554, Time: 00:16:43

Health: 0/69       AC:  2    Str: 17    XL:     9   Next: 27%
Magic:  18/18      EV: 21    Int: 19    God:
Gold:   556        SH:  0    Dex: 21    Spells: 3/16 levels left

rFire    . . .     SeeInvis .     - Unarmed
rCold    . . .     Gourm    .   (shield currently unavailable)
rNeg     . . .     Faith    .   (armour currently unavailable)
rPois    x         Spirit   .   (helmet currently unavailable)
rElec    .         Reflect  .   (cloak currently unavailable)
rCorr    .         Harm     .   (gloves currently unavailable)
MR       .....     Clarity  +   (boots currently unavailable)
Stlth    ++........             s - amulet of magic regeneration
HPRegen  0.21/turn              e - ring of wizardry
MPRegen  0.41/turn              (no ring)

@: lethally poisoned (0 -> -14), spider-form (expiring), flying, slowed, very
slow
A: tiny, clarity, deterioration 1, high mp 1, inhibited regeneration
a: End Transformation


You were on level 8 of the Dungeon.
You were not hungry.
You were a venomous arachnid creature.
You visited 2 branches of the dungeon, and saw 9 of its levels.
You also visited: Ossuary.

You collected 556 gold pieces.

Inventory:

Hand Weapons
 a - a +2 quarterstaff of chaos (melded)
Missiles
 h - 87 arrows
Armour
 q - a +2 cloak of invisibility (melded)
 r - a +0 pair of gloves (melded)
 y - a +0 robe (melded)
Jewellery
 e - a ring of wizardry (left front leg)
 j - the macabre finger necklace {rN+}
   (You found it on level 6 of the Dungeon)

   [amulet of nothing]

   It protects you from negative energy.
 s - an amulet of magic regeneration (around neck)
Wands
 k - a wand of digging (4)
Scrolls
 b - 2 scrolls of enchant weapon {unknown}
 f - 3 scrolls of remove curse {unknown}
 g - 9 scrolls of teleportation {unknown}
 i - a scroll of fear {unknown}
 n - 2 scrolls of enchant armour {unknown}
 o - 2 scrolls of immolation {unknown}
 p - 2 scrolls of amnesia {unknown}
 t - a scroll of random uselessness {unknown}
 u - 2 scrolls of magic mapping {unknown}
 B - a scroll of vulnerability {unknown}
Potions
 c - 2 potions of degeneration
 l - a potion of magic
 m - a potion of mutation
 w - 2 potions of invisibility
 x - 2 potions of might {unknown}
 z - 2 potions of brilliance
Comestibles
 d - 16 rations


   Skills:
 - Level 3.0 Fighting
 - Level 3.0 Dodging
 - Level 3.0 Unarmed Combat
 - Level 4.0 Spellcasting
 + Level 10.7 Transmutations


You had 3 spell levels left.
You knew the following spells:

 Your Spells              Type           Power        Failure   Level  Hunger
b - Blade Hands           Tmut           #####.....   6%          5    ######.
c - Ice Form              Ice/Tmut       ###.....     14%         4    ####...
s - Spider Form           Tmut/Pois      ###.......   6%          3    ###....
z - Beastly Appendage     Tmut           #####.       1%          1    None

Your spell library contained the following spells:

 Spells                   Type           Power        Failure   Level  Hunger
 Sticks to Snakes         Tmut           #####...     1%          2    ##.....


Dungeon Overview and Level Annotations

Branches:
Dungeon (8/15)             Temple (1/1) D:4
   Lair: D:8-11


Innate Abilities, Weirdness & Mutations

You have an increased reservoir of magic. (+10% MP)
You possess an exceptional clarity of mind.
((Armour fits poorly on your strangely shaped body.))
Your body sometimes deteriorates upon taking damage.
You do not regenerate when monsters are visible.


Message History

You feel very sick.
You kill the hornet!
You feel less invigorated.
You feel less confused.
* * * LOW HITPOINT WARNING * * *
You feel very sick.
* * * LOW HITPOINT WARNING * * *
You feel very sick.
* * * LOW HITPOINT WARNING * * *
You feel very sick.
It was a potion of mutation.
You feel extremely strange.
You feel yourself wasting away.
Your regeneration stops near monsters.
Your body twists and deforms.
Your thoughts seem clearer.
* * * LOW HITPOINT WARNING * * *
You feel sick.
Unknown command.
It was a potion of flight.
You feel very buoyant.
You fly up into the air.
You die...

########
#######+#......#
#...........)..#
+..............#
)###.............>####
.?..................<#
#....†s.....[......#
...#..)...##........#
#.#######........# ..
#........# ##
#........# ##########


There were no monsters in sight!

Vanquished Creatures
  The ghost of HunterMK the Cleaver, an amateur HOFi of Beogh (D:3)
  A hornet (D:8)
  2 sky beasts
  3 black bears
  4 ogres
  A centaur (D:6)
  Blork the orc (D:5)
  2 bullfrogs
  A scorpion (D:6)
  3 howler monkeys
  2 crimson imps
  A bullfrog zombie (D:5)
  4 centaur zombies
  2 hounds
  A human zombie (Ossuary)
  8 orc wizards
  Crazy Yiuf (D:4)
  A centaur skeleton (D:3)
  An orc priest (D:7)
  A bullfrog skeleton (D:6)
  An iguana (D:7)
  7 worker ants
  3 big kobold zombies (Ossuary)
  A hound zombie (Ossuary)
  3 mummies (Ossuary)
  9 gnolls
  9 adders
  4 shadow imps (D:5)
  An ooze (D:2)
  3 adder skeletons
  4 adder zombies
  3 dart slugs
  4 leopard geckos
  25 orcs
  A ball python (D:1)
  6 bats
  3 giant cockroaches
  A gnoll zombie (Ossuary)
  6 goblins
  6 hobgoblins
  9 jackals
  4 quokkas
  2 frilled lizards
  3 goblin zombies (Ossuary)
  5 hobgoblin zombies (Ossuary)
  5 jackal zombies
  7 kobolds
  5 kobold zombies (Ossuary)
  An orc zombie (Ossuary)
  5 quokka zombies
  4 rats
  3 rat zombies (Ossuary)
194 creatures vanquished.

Vanquished Creatures (others)
  A crimson imp (D:5)
1 creature vanquished.

Grand Total: 195 creatures vanquished

Notes
Turn   | Place    | Note
-------+----------+-------------------------------------------
     0 | D:1      | fly the Demigod Transmuter began the quest for the Orb.
     0 | D:1      | Reached XP level 1. HP: 15/15 MP: 5/5
   137 | D:1      | Reached skill level 1 in Fighting
   532 | D:1      | Reached XP level 2. HP: 20/23 MP: 5/7
   593 | D:1      | Reached skill level 2 in Transmutations
  1823 | D:2      | Reached XP level 3. HP: 20/28 MP: 6/8
  1896 | D:2      | Found a bloodstained altar of Trog.
  1968 | D:2      | Learned a level 3 spell: Spider Form
  2738 | D:3      | You fall through a shaft!
  2759 | D:4      | Reached XP level 4. HP: 36/36 MP: 6/10
  2772 | D:4      | Reached XP level 5. HP: 22/41 MP: 5/11
  2935 | D:4      | Found a sand-covered staircase.
  2940 | Ossuary  | Entered an ossuary
  3021 | Ossuary  | Reached skill level 3 in Transmutations
  3321 | Ossuary  | Learned a level 4 spell: Ice Form
  3380 | Ossuary  | Reached XP level 6. HP: 23/51 MP: 11/13
  3792 | Ossuary  | Reached skill level 4 in Transmutations
  4174 | D:3      | Found a glowing silver altar of Zin.
  4182 | D:3      | Found a runed translucent gate.
  4182 | D:3      | Found a runed translucent gate.
  4182 | D:3      | Found a runed translucent gate.
  4318 | D:3      | Found a faded altar of an unknown god.
  4798 | D:3      | Noticed HunterMK's ghost (amateur HOFi)
  5117 | D:4      | Found a staircase to the Ecumenical Temple.
  5133 | Temple   | Entered the Ecumenical Temple
  5465 | D:4      | Reached XP level 7. HP: 56/57 MP: 13/15
  5693 | D:4      | Found a runed translucent door.
  5694 | D:4      | Noticed Crazy Yiuf
  5711 | D:4      | Killed Crazy Yiuf
  5891 | D:3      | Learned a level 5 spell: Blade Hands
  5935 | D:3      | Killed HunterMK's ghost
  5935 | D:3      | Reached skill level 5 in Transmutations
  6000 | D:5      | Entered Level 5 of the Dungeon
  6014 | D:5      | Reached skill level 6 in Transmutations
  6426 | D:5      | Reached skill level 7 in Transmutations
  6426 | D:5      | Reached XP level 8. HP: 39/63 MP: 17/17
  7222 | D:5      | Noticed Blork the orc
  7235 | D:5      | Killed Blork the orc
  7235 | D:5      | Reached skill level 8 in Transmutations
  7743 | D:6      | HP: 2/75 [centaur/cursed +0 shortbow (5)]
  8112 | D:6      | Found the macabre finger necklace {rN+}
  8353 | D:7      | Reached skill level 9 in Transmutations
  8642 | D:7      | HP: 3/63 [orc wizard/+0 dagger (5)]
  9047 | D:7      | Reached XP level 9. HP: 69/69 MP: 18/18
  9076 | D:7      | Reached skill level 10 in Transmutations
  9547 | D:8      | Paralysed by a hornet for 2 turns
  9548 | D:8      | HP: 3/69 [hornet (15)]
  9553 | D:8      | Gained mutation: Your body sometimes deteriorates upon
                  | taking damage. [potion of mutation]
  9553 | D:8      | Gained mutation: You do not regenerate when monsters are
                  | visible. [potion of mutation]
  9553 | D:8      | Gained mutation: Armour fits poorly on your strangely
                  | shaped body. [potion of mutation]
  9553 | D:8      | Gained mutation: You possess an exceptional clarity of
                  | mind. [potion of mutation]
  9553 | D:8      | HP: 3/69 [poisoned by a hornet]
  9554 | D:8      | Succumbed to a hornet's poison

Skill      XL: |  1  2  3  4  5  6  7  8  9 |
---------------+----------------------------+-----
Fighting       | 1 2 3 |  3.0
Dodging        | 2 3 |  3.0
Transmutations | 2 3 4 7 9 10 | 10.7
Spellcasting   | 2 3 4 |  4.0
Unarmed Combat | 3 |  3.0

Action                   |  1- 3 |  4- 6 |  7- 9 || total
-------------------------+-------+-------+-------++-------
Melee: Unarmed           |   142 |    35 |   132 ||   309
       Kick              |     5 |    39 |     8 ||    52
       Headbutt          |     6 |    19 |       ||    25
       Punch             |     1 |     3 |       ||     4
       Whip              |       |   206 |       ||   206
       Quarterstaff      |       |       |   165 ||   165
 Cast: Beastly Appendage |    16 |    19 |     4 ||    39
       Spider Form       |     4 |     8 |    13 ||    25
       Blade Hands       |       |       |     1 ||     1
       Ice Form          |       |       |     2 ||     2
  Use: Scroll            |       |     4 |     1 ||     5
       Potion            |       |       |     8 ||     8
 Stab: Sleeping          |     1 |     3 |     3 ||     7
       Petrified         |       |       |     6 ||     6
       Confused          |       |       |     2 ||     2
       Petrifying        |       |       |     1 ||     1
       Distracted        |       |       |     1 ||     1
  Eat: Chunk             |     6 |     6 |    16 ||    28
       Ration            |       |     1 |       ||     1
Armor: Robe              |    17 |    30 |    46 ||    93
       Skin              |     2 |     1 |     9 ||    12
Dodge: Dodged            |   105 |   170 |   264 ||   539
